 Dungeon Crawl Stone Soup version 0.18.1-48-g4cf74bf (webtiles) character file.

5895 Alarkh the Martial Artist (level 10, -11/73 HPs)
             Began as a Vampire Skald on July 21, 2016.
             Was an Elder of Okawaru.
             Mangled by an orc warrior
             ... wielding a +0 glaive
              (17 damage)
             ... in a bailey.
             The game lasted 00:17:44 (9534 turns).

Alarkh the Martial Artist (Vampire Skald)           Turns: 9534, Time: 00:17:44

Health: -11/73     AC:  5    Str: 11    XL:     10   Next: 53%
Magic:  13/16      EV: 14    Int: 18    God:    Okawaru [****..]
Gold:   756        SH:  0    Dex: 14    Spells: 3 memorised, 12 levels left

rFire  + . .     SeeInvis +       - Unarmed
rCold  + + .     Gourm    .     a - +1 leather armour
rNeg   . . .     Faith    .     (no shield)
rPois  +         Spirit   .     (no helmet)
rElec  +         Dismiss  .     (no cloak)
rCorr  +         Reflect  .     o - +0 pair of gloves
SustAt .         Harm     .     (no boots)
MR     ++...                    (no amulet)
Stlth  +.........               h - ring of protection from magic
                                w - ring of protection from cold

@: resistant, finesse, very slightly contaminated, regenerating quickly, hasted,
very quick, very resistant to hostile enchantments, very unstealthy
A: fangs 3, see invisible, unbreathing
a: Heroism, Renounce Religion


You were in a bailey.
You worshipped Okawaru.
Okawaru was greatly pleased with you.
You were very full.

You visited 2 branches of the dungeon, and saw 10 of its levels.
You also visited: Bailey.

You collected 756 gold pieces.

Inventory:

Armour
 a - a +1 leather armour (worn)
 o - a +0 pair of gloves (worn)
Jewellery
 h - a ring of protection from magic (right hand)
 w - a ring of protection from cold (left hand)
Wands
 C - a wand of digging (16/24)
 E - a wand of disintegration (8/24)
 F - a wand of paralysis (7/24)
Scrolls
 e - 7 scrolls of noise
 i - 3 scrolls of remove curse
 j - a scroll of fog
 m - 2 scrolls of recharging {unknown}
 q - a scroll of amnesia {unknown}
 t - a scroll of silence {unknown}
 u - 2 scrolls of magic mapping {unknown}
 v - a scroll of immolation {unknown}
 y - a scroll of vulnerability {unknown}
 z - 2 scrolls of random uselessness {unknown}
 A - a scroll of enchant armour
Potions
 c - 16 potions of blood
 d - 5 potions of flight
 f - 2 potions of brilliance
 g - a potion of curing
 r - 2 potions of mutation
 x - a potion of lignification
 B - a potion of cancellation
Books
 b - a book of Battle

   Spells                             Type                      Level
   a - Infusion                       Charms                       1
   b - Shroud of Golubria             Charms/Translocation         2
   c - Song of Slaying                Charms                       2
   d - Spectral Weapon                Hexes/Charms                 3
   e - Regeneration                   Charms/Necromancy            3


   Skills:
 + Level 4.4 Fighting
 - Level 0.7 Armour
 + Level 5.2 Dodging
 * Level 13.6 Unarmed Combat
 + Level 4.5 Spellcasting
 + Level 6.3 Charms


You had 12 spell levels left.
You knew the following spells:

 Your Spells              Type           Power        Failure   Level  Hunger
a - Infusion              Chrm           ####         1%          1    None
b - Shroud of Golubria    Chrm/Tloc      ###.......   10%         2    #......
c - Regeneration          Chrm/Necr      ###.......   17%         3    ###....


Dungeon Overview and Level Annotations

Branches:
Dungeon (9/15)             Temple (1/1) D:4
   Lair: D:8-11         Orc: D:9-12

Altars:
Ashenzari
Cheibriados
Dithmenos
Elyvilon
Fedhas
Gozag
Kikubaaqudgha
Makhleb
Nemelex Xobeh
Okawaru
Pakellas
Qazlal
Ru
Sif Muna
Trog
Vehumet
Xom
Yredelemnul
Zin
The Shining One

Shops:
D:4 %   D:7 %


Innate Abilities, Weirdness & Mutations

Your natural rate of healing is unusually fast.
You have razor-sharp teeth.
You have supernaturally acute eyesight.
You can survive without breathing.


Message History

* * * LOW HITPOINT WARNING * * *
Drink which item? (? for menu, Esc to quit)
Okay, then.
You punch the orc warrior!
You kill the orc warrior!
Okawaru accepts your kill. The orc barely misses you.
The orc warrior barely misses you. The orc closely misses you.
You see here a hand axe.
You barely miss the orc warrior.
The orc warrior is heavily wounded.
You hit the orc warrior.
You punch the orc warrior, but do no damage.
You bite the orc warrior, but do no damage.
The orc warrior is heavily wounded.
The orc closely misses you.
You hit the orc warrior. Your bite misses the orc warrior.
The orc warrior is severely wounded.
The orc warrior hits you with a glaive!
You die...

#### ############ ...##
##........∩.##
....######.......))...#
.ooo#....#))...o.))...#
o.ooo...o)..o..o)()..∩#
..o.#....#....o.@))...#
....######............#
...## ##........∩.##
#### ############


You could see an orc warrior and 3 orcs.

Vanquished Creatures
  The ghost of Shufflesack the Unseen, a novice HaAs of Dithmenos (D:8)
  Joseph (D:7)
  The ghost of Aquadorian the Basher, an amateur OgBe of Trog (D:4)
  Grinder (D:3)
  2 two-headed ogres (D:9)
  2 hogs (D:8)
  A human (D:8)
  A water moccasin (D:9)
  Duvessa (D:7)
  7 orc warriors
  2 black bears
  2 phantoms
  An ice beast (D:8)
  4 ogres
  2 centaurs
  5 giant frogs
  A gnoll sergeant (D:6)
  Dowan (D:7)
  3 scorpions
  3 howler monkeys
  5 wights
  2 crimson imps (D:6)
  A quasit (D:7)
  A giant frog zombie (D:5)
  2 jellies
  3 orc priests
  2 hounds
  3 orc wizards
  2 giant frog skeletons
  An iguana (D:6)
  2 worker ants (D:4)
  Natasha (thrice) (D:3)
  Terence (D:3)
  2 sheep (D:8)
  A killer bee zombie (D:6)
  2 hound zombies
  2 hound skeletons
  2 worker ant zombies
  5 adders
  4 gnolls
  2 shadow imps (D:6)
  An ooze (D:2)
  A dart slug (D:3)
  4 giant geckos
  51 orcs
  10 giant cockroaches
  12 goblins
  6 hobgoblins
  8 jackals
  9 kobolds
  6 quokkas
  A ball python (D:6)
  5 bats
  2 giant gecko skeletons
  2 giant newts
  A quokka zombie (D:6)
  3 rats (D:2)
212 creatures vanquished.

Notes
Turn   | Place    | Note
--------------------------------------------------------------
     0 | D:1      | Alarkh the Vampire Skald began the quest for the Orb.
     0 | D:1      | Reached XP level 1. HP: 16/16 MP: 3/3
   455 | D:1      | Reached skill level 3 in Unarmed Combat
   455 | D:1      | Reached XP level 2. HP: 21/22 MP: 1/5
   841 | D:1      | Reached XP level 3. HP: 27/27 MP: 3/6
   930 | D:1      | Found a sparkling altar of Nemelex Xobeh.
  1199 | D:2      | Reached skill level 4 in Unarmed Combat
  2353 | D:3      | Noticed Natasha
  2361 | D:3      | Killed Natasha
  2361 | D:3      | Reached skill level 5 in Unarmed Combat
  2361 | D:3      | Reached XP level 4. HP: 18/33 MP: 2/7
  2403 | D:3      | Noticed Grinder
  2540 | D:2      | Learned a level 2 spell: Shroud of Golubria
  2544 | D:2      | Learned a level 3 spell: Regeneration
  2680 | D:4      | Noticed Aquadorian's ghost (amateur OgBe)
  2781 | D:3      | Noticed Natasha
  2796 | D:3      | Killed Natasha
  2818 | D:3      | Noticed Natasha
  2829 | D:3      | Killed Natasha
  2883 | D:3      | Reached XP level 5. HP: 10/38 MP: 4/8
  3210 | D:3      | Noticed Terence
  3220 | D:3      | Killed Terence
  3220 | D:3      | Reached skill level 6 in Unarmed Combat
  3670 | D:4      | Found Venogawn's Food Shoppe.
  3808 | D:4      | Reached skill level 7 in Unarmed Combat
  3808 | D:4      | Reached XP level 6. HP: 42/44 MP: 7/9
  3901 | D:4      | Found a staircase to the Ecumenical Temple.
  4028 | Temple   | Entered the Ecumenical Temple
  4272 | Temple   | Became a worshipper of Warmaster Okawaru
  4584 | D:3      | Paralysed by Grinder for 2 turns
  4607 | D:3      | Killed Grinder
  4607 | D:3      | Reached skill level 8 in Unarmed Combat
  4711 | D:4      | Reached XP level 7. HP: 35/49 MP: 7/10
  4758 | D:5      | Entered Level 5 of the Dungeon
  5593 | D:5      | Gained mutation: You are partially covered in icy blue scales (AC +1). [potion of mutation]
  5593 | D:5      | Gained mutation: Your flesh is cold resistant. [potion of mutation]
  5613 | D:4      | Killed Aquadorian's ghost
  5613 | D:4      | Reached * piety under Okawaru
  5613 | D:4      | Reached skill level 9 in Unarmed Combat
  5735 | D:6      | Reached skill level 10 in Unarmed Combat
  5821 | D:6      | Reached ** piety under Okawaru
  5821 | D:6      | Reached XP level 8. HP: 41/55 MP: 0/11
  5939 | D:6      | Reached skill level 11 in Unarmed Combat
  6310 | D:6      | Found a glowing golden altar of the Shining One.
  6473 | D:6      | Reached skill level 12 in Unarmed Combat
  6492 | D:6      | Found a radiant altar of Vehumet.
  6493 | D:6      | Found a burning altar of Makhleb.
  6708 | D:6      | Found an opulent altar of Gozag.
  6710 | D:6      | Found a shadowy altar of Dithmenos.
  6710 | D:6      | Found a snail-covered altar of Cheibriados.
  6717 | D:6      | Reached XP level 9. HP: 62/62 MP: 9/12
  7127 | D:7      | Found Oquff's Food Boutique.
  7160 | D:7      | Found an ancient bone altar of Kikubaaqudgha.
  7278 | D:7      | Reached *** piety under Okawaru
  7290 | D:7      | Noticed Joseph
  7299 | D:7      | Killed Joseph
  7623 | D:7      | Noticed Duvessa
  7623 | D:7      | Noticed Dowan
  7630 | D:7      | Killed Duvessa
  7652 | D:7      | Killed Dowan
  7704 | D:7      | Found a shimmering altar of Xom.
  7738 | D:8      | Reached skill level 5 in Charms
  7800 | D:8      | Found a deep blue altar of Sif Muna.
  7970 | D:8      | Noticed Shufflesack's ghost (novice HaAs)
  7998 | D:8      | Killed Shufflesack's ghost
  7998 | D:8      | Reached skill level 13 in Unarmed Combat
  8007 | D:8      | Reached **** piety under Okawaru
  8054 | D:8      | Reached XP level 10. HP: 54/70 MP: 10/15
  9050 | D:9      | Reached ***** piety under Okawaru
  9050 | D:9      | Reached skill level 5 in Dodging
  9097 | D:9      | Found a flagged portal.
  9175 | Bailey   | Entered a bailey
  9489 | Bailey   | Noticed an orc knight
  9504 | Bailey   | Lost mutation: You are partially covered in icy blue scales (AC +1). [potion of cure mutation]
  9504 | Bailey   | Lost mutation: Your flesh is cold resistant. [potion of cure mutation]
  9522 | Bailey   | Received a gift from Okawaru
  9534 | Bailey   | Mangled by an orc warrior

Skill      XL: |  1  2  3  4  5  6  7  8  9 10 |
---------------+-------------------------------+-----
Unarmed Combat | 3 5 7 8 10 12 13 | 13.6
Fighting       | 2 3 4 |  4.4
Dodging        | 2 4 5 |  5.2
Charms         | 5 6 |  6.3
Spellcasting   | 3 4 |  4.5
Armour         | |  0.7

Action                   |  1- 3 |  4- 6 |  7- 9 | 10-12 || total
-------------------------+-------+-------+-------+-------++-------
Melee: Unarmed           |   120 |   130 |   359 |   189 ||   798
       Bite              |    13 |    10 |    37 |    15 ||    75
       Punch             |     1 |     2 |    15 |     7 ||    25
 Cast: Infusion          |    17 |    20 |    37 |    12 ||    86
       Shroud of Golubri |       |     4 |    10 |     8 ||    22
Invok: Heroism           |       |       |     4 |     4 ||     8
       Finesse           |       |       |       |     1 ||     1
 Abil: End Transformatio |       |     1 |       |     2 ||     3
       Bat Form          |       |     1 |       |     2 ||     3
  Use: Scroll            |     4 |     1 |     6 |     1 ||    12
       Potion            |     2 |     7 |    16 |    19 ||    44
 Stab: Sleeping          |       |       |     1 |       ||     1
Armor: Leather armour    |    14 |    31 |    77 |    37 ||   159
       Skin              |       |       |     4 |       ||     4
Dodge: Dodged            |    76 |    68 |   167 |   119 ||   430
